 Dungeon Crawl Stone Soup version 0.23-a0-481-g60b89c1 (webtiles) character file.

378053 mopl the Severer (level 21, -8/123 HPs)
             Began as a Demonspawn Fighter on Nov 28, 2018.
             Was the Champion of Makhleb.
             Mangled by an azure jelly (11 damage)
             ... on level 4 of the Pits of Slime on Nov 29, 2018.
             The game lasted 02:08:14 (45744 turns).

mopl the Severer (Demonspawn Fighter)              Turns: 45744, Time: 02:08:16

Health: -8/123     AC: 26    Str: 21 (23) XL:     21   Next: 84%
Magic:  0/34       EV: 12    Int: 10 (11) God:    Makhleb [******]
Gold:   4049       SH:  8    Dex: 11      Spells: 19/20 levels left

rFire    + . .     SeeInvis .   a - +10 battleaxe of the Hawk {chop, rPois Int+2}
rCold    + . .     Gourm    .   (shield currently unavailable)
rNeg     . . .     Faith    .   x - +0 crystal plate armour
rPois    +         Spirit   +   (helmet unavailable)
rElec    .         Reflect  .   H - scarf {rC+ rF+}
rCorr    +         Harm     .   e - +1 pair of gloves
MR       +....     Rnd*Rage +   (no boots) Stlth ..........Rnd*Tele +
                                p - amulet of guardian spirit
HPRegen  0.30/turn              J - ring of resist corrosion
MPRegen  0.24/turn              Y - +4 ring of evasion

@: no status effects
A: horns 3, large bone plates 3, berserk 1, clumsy 1, deterioration 2, dopey 1,
frail 3, foul stench 2, powered by death 1, teleportitis 1, weak 1, augmentation
3, no potion heal 1, rot immunity
}: 2/15 runes: barnacled, gossamer
a: Minor Destruction, Lesser Servant of Makhleb, Major Destruction, Greater
Servant of Makhleb, Renounce Religion


You were on level 4 of the Pits of Slime.
You worshipped Makhleb.
Makhleb was exalted by your worship.
You were hungry.

You visited 7 branches of the dungeon, and saw 41 of its levels.
You visited the Abyss 2 times.
You also visited: Labyrinth, Bailey and Ice Cave.

You collected 4647 gold pieces.
You spent 598 gold pieces at shops.

Inventory:

Hand Weapons
 a - the +10 battleaxe of the Hawk (weapon) {chop, rPois Int+2}
   (You took it off an orc warlord on level 1 of the Vaults)

   It inflicts extra damage upon your enemies.
   It affects your intelligence (+2).
   It protects you from poison.
 b - a +6 blowgun
Missiles
 h - 5 needles of paralysis
 k - 58 tomahawks (quivered)
 Q - 10 curare-tipped needles
 X - 16 poisoned javelins
 Z - 2 throwing nets
Armour
 e - a +1 pair of gloves (worn)
 x - a +0 crystal plate armour (worn)
 H - a scarf of resistance (worn)
Jewellery
 p - an amulet of guardian spirit (around neck)
 J - a ring of resist corrosion (left hand)
 Y - a +4 ring of evasion (right hand)
Wands
 u - a wand of enslavement (14)
 v - a wand of iceblast (21)
 z - a wand of acid (27)
 A - a wand of disintegration (57)
 E - a wand of clouds (1)
 L - a wand of flame (121)
 N - a wand of digging (3)
 O - a wand of paralysis (12)
 V - a wand of polymorph (12)
Scrolls
 i - 14 scrolls of teleportation
 l - a scroll of silence {!r}
 m - 5 scrolls of magic mapping
 n - 32 scrolls of remove curse
 t - a scroll of fear
 w - a scroll of vulnerability
 y - 6 scrolls of blinking
 B - a scroll of identify
 F - 4 scrolls of fog
 R - 3 scrolls of summoning
Potions
 d - 4 potions of might
 g - 5 potions of agility
 j - a potion of resistance
 o - 8 potions of curing
 r - 9 potions of ambrosia
 C - 6 potions of flight
 I - 6 potions of lignification {!q}
 K - 2 potions of haste
 M - 5 potions of invisibility
 P - 3 potions of cancellation
 U - 4 potions of berserk rage {!q}
Miscellaneous
 D - a lamp of fire
 G - a box of beasts
 W - 2 phantom mirrors
Comestibles
 f - 52 rations


   Skills:
 + Level 17.8 Fighting
 - Level 20.0 Axes
 + Level 13.6 Throwing
 + Level 14.9 Armour
 + Level 9.5 Dodging
   Level 2.6 Shields
 + Level 19.9 Invocations
 - Level 5.0 Evocations


You had 19 spell levels left.
You knew the following spells:

 Your Spells              Type           Power        Failure   Level  Hunger
a - Apportation           Tloc           #.....       100%        1    ##.....

Your spell library contained the following spells:

 Spells                   Type           Power        Failure   Level  Hunger
 Animate Skeleton         Necr           N/A          100%        1    ##.....
 Confusing Touch          Hex            #.....       100%        1    ##.....
 Magic Dart               Conj           #...         100%        1    ##.....
 Pain                     Necr           #...         100%        1    ##.....
 Sting                    Conj/Pois      #...         100%        1    ##.....
 Summon Small Mammal      Summ           #...         100%        1    ##.....
 Poisonous Vapours        Pois/Air       #.....       100%        2    ###....
 Searing Ray              Conj           #.....       100%        2    ###....
 Inner Flame              Hex/Fire       #.......     100%        3    ####...
 Mephitic Cloud           Conj/Pois/Air  #.......     100%        3    ####...
 Recall                   Summ/Tloc      N/A          100%        3    ####...
 Regeneration             Chrm/Necr      #.........   100%        3    ####...
 Static Discharge         Conj/Air       #.......     100%        3    ####...
 Vampiric Draining        Necr           #.........   100%        3    ####...
 Animate Dead             Necr           N/A          100%        4    #####..
 Cause Fear               Hex            #.........   100%        4    #####..
 Ice Form                 Ice/Tmut       #.......     100%        4    #####..
 Olgreb's Toxic Radiance  Pois           #.......     100%        4    #####..
 Borgnjor's Vile Clutch   Necr/Erth      #.........   100%        5    ######.
 Lightning Bolt           Conj/Air       #.........   100%        5    ######.
 Metabolic Englaciation   Hex/Ice        #.........   100%        5    ######.
 Silence                  Hex/Air        #.........   100%        5    ######.
 Venom Bolt               Conj/Pois      #.........   100%        5    ######.
 Yara's Violent Unravell  Hex/Tmut       #.........   100%        5    ######.
 Bolt of Cold             Conj/Ice       #.........   100%        6    #######
 Death Channel            Necr           #.........   100%        6    #######
 Deflect Missiles         Chrm/Air       #.........   100%        6    #######
 Freezing Cloud           Conj/Ice/Air   #.........   100%        6    #######
 Ozocubu's Refrigeration  Ice            #.........   100%        6    #######
 Simulacrum               Ice/Necr       #.........   100%        6    #######
 Ring of Flames           Chrm/Fire      #.........   100%        7    #######
 Discord                  Hex            #.........   100%        8    #######
 Ignition                 Fire           #.........   100%        8    #######
 Shatter                  Erth           #.........   100%        9    #######
 Tornado                  Air            #.........   100%        9    #######


Dungeon Overview and Level Annotations

Branches:
Dungeon (15/15)            Temple (0/1) D:6            Lair (6/6) D:10
 Shoals (4/4) Lair:2       Spider (4/4) Lair:2        Slime (5/5) Lair:6
    Orc (2/2) D:9             Elf (0/3) Orc:2        Vaults (5/5) D:14
  Crypt (0/3) Vaults:2     Depths (0/5) D:15

Altars:
Dithmenos
Elyvilon
Gozag
Makhleb
Sif Muna
Xom
Zin
Beogh
Jiyva

Shops:
D:5 }   D:9 [   Orc:1 ?   Orc:2 %([=*}}%   Vaults:3 %%%

Annotations:
Shoals:2 3 runed doors, SaintRoka's ghost, adept OgHu


Innate Abilities, Weirdness & Mutations

You have a pair of large horns on your head.
You are completely covered in large bone plates. (SH +8)
You frequently emit foul miasma when damaged in melee.
You regenerate a little health from kills.
Your magical and physical power is greatly enhanced at high health.
You are immune to rotting.
You tend to lose your temper in combat.
You are clumsy. (Dex -2)
Your body often deteriorates upon taking damage.
You are dopey. (Int -2)
You are extremely frail. (-30% HP)
You are occasionally teleported next to monsters.
You are weak. (Str -2)
Potions are less effective at restoring your health.


Message History

Okay, then.
Unknown command.
Unknown command.
You slice the azure jelly like a ripe choko!!!
Your headbutt misses the azure jelly.
The azure jelly is heavily wounded.
The azure jelly closely misses you. The azure jelly hits you.
* * * LOW HITPOINT WARNING * * *
The azure jelly freezes you!! You resist.
* * * LOW HITPOINT WARNING * * *
You block the azure jelly's attack.
The azure jelly hits you but does no damage.
You slice the slime creature!! You headbutt the slime creature!
The slime creature is almost dead.
You closely miss the azure jelly. You slash the slime creature!
The slime creature completely misses you. x2
The azure jelly hits you.
* * * LOW HITPOINT WARNING * * *
The azure jelly freezes you! You resist.
You die...

......(
###.......
###.#...J(..
##.......JJ..
#.........J..
#....J(.....
#...J..J...
#.@J.J....
#...J......
##....#....
##...# ...
...## . #...
##.## ....#
## ....# .
##...#


You could see an acid blob, an azure jelly and 8 slime creatures.

Vanquished Creatures
  the Royal Jelly (Slime:5)
  An ancient lich (Vaults:4)
  A golden dragon (Vaults:5)
  Nikola (Shoals:3)
  Arachne (Spider:2)
  A hellephant (Abyss:2)
  A tentacled monstrosity (Abyss:3)
  An Ice Fiend (IceCv)
  The ghost of Xoff the Warrior, an adept MiFi of Okawaru (Vaults:1)
  2 sphinxes
  2 titans
  7 acid blobs
  2 tentacled starspawn
  An ancient champion (Vaults:2)
  Gastronok (D:8)
  Agnes (Spider:2)
  9 azure jellies
  A tengu reaver (Vaults:4)
  2 frost giants
  3 ghost moths (Spider:4)
  A deep elf sorcerer (Vaults:4)
  2 orc warlords
  20 vault wardens
  2 fire giants (Vaults:4)
  A reaper (Abyss:2)
  3 emperor scorpions
  A ghoul (Vaults:4)
  10 ironheart preservers
  4 stone giants
  3 vampire knights
  2 entropy weavers
  5 very ugly things
  Azrael (D:15)
  A minotaur (Lab)
  2 deep elf demonologists
  4 spark wasps
  A deep elf death mage (Vaults:5)
  2 merfolk javelineers (Shoals:4)
  An ettin (Vaults:4)
  An ettin (shapeshifter) (Vaults:1)
  9 merfolk impalers
  A green death (Abyss:2)
  6 death oozes
  3 yaktaur captains
  5 great orbs of eyes
  31 vault guards
  Fannar (D:10)
  2 naga warriors (Abyss:2)
  An ice dragon (Vaults:3)
  10 merfolk avatars
  9 hydras
  Erica (Lair:2)
  7 centaur warriors
  42 two-headed ogres
  9 death yaks
  An alligator snapping turtle (Shoals:4)
  7 merfolk aquamancers
  A deep troll shaman (Vaults:2)
  A satyr (Shoals:3)
  2 death knights (Vaults:4)
  A queen ant (Lair:3)
  A tengu warrior (D:14)
  A deep troll earth mage (Vaults:2)
  13 ogre magi
  4 orc high priests
  Sonja (Lair:1)
  A storm dragon zombie (Abyss:3)
  A spatial maelstrom (Abyss:2)
  5 deep elf knights
  3 skeletal warriors (D:14)
  A storm dragon skeleton (Vaults:4)
  3 deep trolls
  4 unseen horrors
  3 wizards (Vaults:3)
  11 sea snakes
  5 lindwurms
  13 harpies
  4 phantasmal warriors
  16 ironbrand convokers
  3 necromancers
  18 orc knights
  A sphinx zombie (Vaults:4)
  17 orb spiders
  3 deep elf archers
  A salamander (shapeshifter) (Vaults:3)
  3 oklob plants
  13 ugly things
  9 orc sorcerers
  11 cyclopes
  10 fauns
  29 wolf spiders
  11 deep elf magi
  A sphinx skeleton (Vaults:4)
  A worldbinder (Abyss:2)
  17 manticores
  2 moths of wrath
  6 shining eyes
  2 human skeletons (Vaults:4)
  13 elephants (Lair:5)
  A guardian serpent (Abyss:2)
  12 black mambas
  8 vault sentinels
  A centaur zombie (D:15)
  A black mamba (shapeshifter) (Vaults:4)
  10 merfolk sirens
  5 smoke demons
  7 water nymphs
  5 torpor snails
  An apocalypse crab (Abyss:2)
  An ice statue (IceCv)
  3 spiny frogs (shapeshifter)
  16 spiny frogs
  2 eyes of devastation
  2 kobold demonologists
  A titan simulacrum (Vaults:4)
  12 freezing wraiths
  4 anaconda simulacra (IceCv)
  2 ancient zymes (Abyss:3)
  11 komodo dragons
  14 demonic crawlers
  2 efreet
  24 yaktaurs
  A golden dragon simulacrum (IceCv)
  A yaktaur skeleton (Vaults:4)
  4 ice devils (IceCv)
  33 jumping spiders
  A meliai (shapeshifter) (Vaults:3)
  32 merfolk
  A polar bear (Lair:5)
  4 tyrant leeches (Lair:6)
  7 trolls
  8 hornets
  14 snapping turtles
  38 blink frogs
  67 slime creatures
  7 wind drakes
  4 dream sheep (Shoals:3)
  16 hippogriffs
  A raiju (Abyss:2)
  A meliai zombie (D:14)
  A redback (shapeshifter) (D:15)
  4 flying skulls (Abyss:3)
  2 dire elephant simulacra (IceCv)
  24 yaks
  2 wraiths (Vaults:1)
  5 large abominations
  A ynoxinul (Abyss:2)
  64 redbacks
  9 water elementals
  2 fire elementals
  23 tarantellas
  3 wyverns
  2 chaos spawn
  5 golden eyes (Slime:2)
  A basilisk (Lair:3)
  4 hogs (Shoals:1)
  A death yak simulacrum (IceCv)
  2 neqoxecs
  A hog (shapeshifter) (Vaults:1)
  10 vampire mosquitoes
  2 hungry ghosts
  8 wargs
  An iron troll simulacrum (IceCv)
  2 harpy simulacra (IceCv)
  2 yaktaur simulacra
  A warg (shapeshifter) (Vaults:3)
  2 spatial vortices (Abyss:2)
  6 soldier ants (Lair:3)
  3 hell hounds (D:15)
  An acid dragon (D:13)
  6 porcupines
  A naga (shapeshifter) (D:13)
  15 water moccasins
  A floating eye (Slime:5)
  4 hydra simulacra (IceCv)
  2 black bears (shapeshifter)
  A sky beast (shapeshifter) (D:15)
  48 orc warriors
  2 black bears
  An ettin simulacrum (IceCv)
  3 necrophages
  An eye of draining (Slime:5)
  2 phantoms
  4 sky beasts
  8 starcursed masses (Abyss:4)
  5 ice beasts
  3 elephant zombies (Lair:5)
  2 eyes of draining (shapeshifter)
  28 ogres
  3 boggarts (D:15)
  11 wolves
  18 centaurs
  An elf skeleton (Vaults:4)
  A human zombie (Vaults:4)
  9 crocodiles
  21 bullfrogs
  5 big kobolds
  7 small abominations
  3 scorpions
  9 killer bees
  An elf simulacrum (Vaults:4)
  3 howler monkeys
  3 electric eels
  8 crimson imps
  5 draconian simulacra (IceCv)
  A bullfrog zombie (D:12)
  2 quasits
  A bullfrog skeleton (D:9)
  8 hounds
  A basilisk zombie (Lair:5)
  7 centaur skeletons
  31 orc priests
  4 jellies
  An iron imp (Abyss:2)
  3 iguanas
  Natasha (thrice) (D:2)
  29 orc wizards
  4 troll simulacra (IceCv)
  34 worker ants
  2 wolf simulacra (IceCv)
  A crocodile zombie (Lair:5)
  2 centaur simulacra (IceCv)
  A hound zombie (D:10)
  2 hound skeletons
  2 worker ant zombies
  11 adders
  7 gnolls (D:3)
  2 naga simulacra (IceCv)
  An ogre simulacrum (IceCv)
  6 white imps (IceCv)
  5 ufetubi (IceCv)
  2 oozes
  An adder zombie (D:5)
  3 adder skeletons
  5 dart slugs
  12 worms
  7 leopard geckos
  149 orcs
  5 giant cockroaches
  15 goblins
  7 hobgoblins
  21 jackals
  32 kobolds
  4 quokkas
  5 bats
  3 frilled lizards (D:2)
  A giant cockroach zombie (D:6)
  5 rats
  A fungus (Lair:5)
  8 plants
  2 starspawn tentacles
1801 creatures vanquished.

Vanquished Creatures (collateral kills)
  Kirke (Shoals:1)
  A merfolk impaler (Shoals:4)
  Urug (Orc:2)
  3 orc knights (Bailey)
6 creatures vanquished.

Vanquished Creatures (others)
  2 merfolk aquamancers
  A harpy (Shoals:3)
  A deep elf mage (Vaults:1)
  A tarantella (Spider:4)
  A small abomination (Abyss:2)
  An iguana (D:14)
  3 white imps (IceCv)
  2 ufetubi (IceCv)
  A fungus (Lair:3)
  38 plants
  4 starspawn tentacles
55 creatures vanquished.

Grand Total: 1862 creatures vanquished

Notes
Turn   | Place    | Note
-------+----------+-------------------------------------------
     0 | D:1      | mopl the Demonspawn Fighter began the quest for the Orb.
     0 | D:1      | Reached XP level 1. HP: 18/18 MP: 1/1
    41 | D:1      | Reached skill level 2 in Axes
   250 | D:1      | Gained mutation: You have a pair of small horns on your
                  | head. [demonic ancestry]
   250 | D:1      | Reached XP level 2. HP: 23/24 MP: 2/2
   294 | D:1      | Reached skill level 3 in Axes
   376 | D:1      | Gained mutation: You are immune to rotting. [demonic
                  | ancestry]
   376 | D:1      | Reached XP level 3. HP: 24/29 MP: 3/3
  1048 | D:2      | Reached skill level 4 in Axes
  1048 | D:2      | Gained mutation: You are partially covered in large bone
                  | plates. (SH +4) [demonic ancestry]
  1048 | D:2      | Reached XP level 4. HP: 9/35 MP: 1/4
  1443 | D:2      | Noticed Natasha
  1452 | D:2      | Killed Natasha
  1567 | D:2      | Found a burning altar of Makhleb.
  1582 | D:2      | Became a worshipper of Makhleb the Destroyer
  1710 | D:2      | Noticed Natasha
  1718 | D:2      | Killed Natasha
  1718 | D:2      | Reached skill level 5 in Axes
  1718 | D:2      | Gained mutation: You have a pair of horns on your head.
                  | [demonic ancestry]
  1718 | D:2      | Reached XP level 5. HP: 41/41 MP: 5/5
  1882 | D:2      | Noticed Natasha
  1889 | D:2      | Killed Natasha
  1940 | D:3      | Found a white marble altar of Elyvilon.
  1940 | D:3      | Found a shimmering altar of Xom.
  2075 | D:3      | Reached XP level 6. HP: 41/47 MP: 4/6
  2559 | D:3      | Reached * piety under Makhleb
  2730 | D:3      | Reached skill level 6 in Axes
  3347 | D:4      | Reached skill level 7 in Axes
  3365 | D:4      | Found a glowing silver altar of Zin.
  3373 | D:4      | Got a bloodstained long sword
  3399 | D:4      | Reached XP level 7. HP: 50/52 MP: 7/7
  3402 | D:4      | Reached ** piety under Makhleb
  3593 | D:5      | Entered Level 5 of the Dungeon
  3647 | D:5      | Found a deep blue altar of Sif Muna.
  3973 | D:5      | Found Meclamih's Gadget Boutique.
  4023 | D:5      | Found a shadowy altar of Dithmenos.
  4197 | D:5      | Reached skill level 8 in Axes
  4649 | D:6      | Learned a level 1 spell: Apportation
  4668 | D:6      | Gained mutation: You regenerate a little health from kills.
                  | [demonic ancestry]
  4668 | D:6      | Reached XP level 8. HP: 44/58 MP: 5/8
  4691 | D:6      | Reached skill level 9 in Axes
  4872 | D:6      | Found a staircase to the Ecumenical Temple.
  5139 | D:7      | Reached *** piety under Makhleb
  5157 | D:7      | Found a flagged portal.
  5170 | Bailey   | Entered a bailey
  5320 | Bailey   | Reached skill level 10 in Axes
  5981 | Bailey   | Reached skill level 1 in Invocations
  5981 | Bailey   | Gained mutation: You may emit foul miasma when damaged in
                  | melee. [demonic ancestry]
  5981 | Bailey   | Reached XP level 9. HP: 40/64 MP: 6/9
  5981 | Bailey   | Noticed an orc knight
  6065 | Bailey   | Noticed an orc knight
  6090 | Bailey   | Killed an orc knight
  6090 | Bailey   | Reached skill level 3 in Armour
  6090 | Bailey   | Reached skill level 2 in Invocations
  6118 | Bailey   | Noticed an orc knight
  6141 | Bailey   | Killed an orc knight
  6141 | Bailey   | Reached skill level 11 in Axes
  6141 | Bailey   | Reached skill level 3 in Invocations
  6163 | Bailey   | Killed an orc knight
  6163 | Bailey   | Reached skill level 4 in Fighting
  6373 | Bailey   | Noticed an orc knight
  6390 | Bailey   | Killed an orc knight
  6390 | Bailey   | Reached skill level 4 in Armour
  6533 | D:7      | Reached skill level 4 in Invocations
  7641 | D:8      | Reached XP level 10. HP: 67/73 MP: 11/13
  7732 | D:8      | Reached skill level 5 in Invocations
  7739 | D:8      | Reached skill level 5 in Fighting
  8002 | D:8      | Noticed Gastronok
  8300 | D:9      | Found Xosiexoneo's Antique Armour Emporium.
  8359 | D:9      | Identified a scroll of acquirement
  8378 | D:9      | Identified the +4 long sword of Terra Cotta {venom, +Rage
                  | rElec rN+ Stlth+} (You found it on level 4 of the Dungeon)
  8448 | D:9      | Got a flickering golden ring
  8449 | D:9      | Identified the ring of Qeegh {rF+ Stlth-} (You found it on
                  | level 9 of the Dungeon)
  8539 | D:9      | Found a staircase to the Orcish Mines.
  8545 | D:9      | Reached **** piety under Makhleb
  8705 | D:9      | Killed an unseen horror
  8705 | D:9      | Reached skill level 12 in Axes
  8705 | D:9      | Reached skill level 5 in Armour
  8705 | D:9      | Reached skill level 6 in Invocations
  9068 | D:10     | Entered Level 10 of the Dungeon
  9128 | D:10     | Noticed a two-headed ogre
  9148 | D:10     | Killed a two-headed ogre
  9428 | D:10     | Reached skill level 6 in Fighting
  9446 | D:10     | Found a staircase to the Lair.
  9448 | D:10     | Noticed an oklob plant
  9877 | D:10     | Noticed Fannar
 10409 | D:10     | Killed Fannar
 10409 | D:10     | Reached skill level 7 in Invocations
 10700 | D:10     | Killed an oklob plant
 10790 | Lair:1   | Entered Level 1 of the Lair of Beasts
 10791 | Lair:1   | Noticed Sonja
 10792 | Lair:1   | Gained mutation: Your magical and physical power is
                  | slightly enhanced at high health. [demonic ancestry]
 10792 | Lair:1   | Reached XP level 11. HP: 71/83 MP: 14/16
 10800 | Lair:1   | Killed Sonja
 10870 | Lair:1   | Reached skill level 6 in Armour
 11751 | D:11     | Noticed a brown ugly thing
 11756 | D:11     | Reached skill level 8 in Invocations
 11768 | D:11     | Killed a brown ugly thing
 11768 | D:11     | Reached skill level 7 in Fighting
 11768 | D:11     | Reached skill level 13 in Axes
 12458 | D:12     | Noticed a two-headed ogre
 12462 | D:12     | Killed a two-headed ogre
 12472 | D:12     | Reached ***** piety under Makhleb
 13200 | Orc:1    | Entered Level 1 of the Orcish Mines
 13207 | Orc:1    | Reached skill level 9 in Invocations
 13219 | Orc:1    | Found a roughly hewn altar of Beogh.
 13263 | Orc:1    | Noticed an oklob plant
 13274 | Orc:1    | Killed an oklob plant
 13274 | Orc:1    | Reached skill level 7 in Armour
 13442 | Orc:1    | Found Zumeuxergh's Magic Scroll Boutique.
 13446 | Orc:1    | Bought a scroll of identify for 26 gold pieces
 13446 | Orc:1    | Bought a scroll of enchant weapon for 97 gold pieces
 13446 | Orc:1    | Bought a scroll of teleportation for 39 gold pieces
 13446 | Orc:1    | Bought a scroll of identify for 26 gold pieces
 13454 | Orc:1    | Noticed an orc sorcerer
 13668 | Orc:1    | Paralysed by an orc sorcerer for 3 turns
 13671 | Orc:1    | Noticed a sixfirhy
 13720 | Orc:1    | Paralysed by an orc sorcerer for 5 turns
 13725 | Orc:1    | Killed an orc sorcerer
 13846 | Orc:1    | Gained mutation: You frequently emit foul miasma when
                  | damaged in melee. [demonic ancestry]
 13846 | Orc:1    | Reached XP level 12. HP: 92/92 MP: 15/19
 13997 | Orc:1    | Reached skill level 1 in Throwing
 14073 | Orc:2    | Entered Level 2 of the Orcish Mines
 14073 | Orc:2    | Found Zeliusch's Food Shop.
 14110 | Orc:2    | Reached skill level 8 in Fighting
 14127 | Orc:2    | Found Weroh's Jewellery Boutique.
 14149 | Orc:2    | Found Foklaec's Gadget Boutique.
 14204 | Orc:2    | Found a labyrinth entrance.
 14207 | Orc:2    | Found Zucapten's Gadget Emporium.
 14217 | Lab      | Entered a labyrinth
 14457 | Lab      | Identified the +3 buckler of Walyul {rF+++ Str-2}
 14457 | Lab      | Noticed a minotaur
 14489 | Lab      | Killed a minotaur
 14875 | Orc:2    | Bought a cursed amulet of inaccuracy for 30 gold pieces
 14894 | Orc:2    | Found a roughly hewn altar of Beogh.
 14894 | Orc:2    | Found Ahuann's General Store.
 14918 | Orc:2    | Bought a potion of cancellation for 128 gold pieces
 14970 | Orc:2    | Found a roughly hewn altar of Beogh.
 15016 | Orc:2    | Found a roughly hewn altar of Beogh.
 15024 | Orc:2    | Reached skill level 2 in Throwing
 15035 | Orc:2    | Found Emneil's Food Shop.
 15103 | Orc:2    | Found a staircase to the Elven Halls.
 15186 | Orc:2    | Paralysed by an orc sorcerer for 3 turns
 15196 | Orc:2    | Found a roughly hewn altar of Beogh.
 15220 | Orc:2    | Found a roughly hewn altar of Beogh.
 15253 | Orc:2    | Found a roughly hewn altar of Beogh.
 15346 | Orc:2    | Reached skill level 14 in Axes
 15355 | Orc:2    | Reached skill level 10 in Invocations
 15388 | Orc:2    | Noticed an orc warlord
 15438 | Orc:2    | Killed an orc warlord
 15508 | Orc:2    | Reached skill level 3 in Throwing
 15523 | Orc:2    | Noticed an orc high priest
 15550 | Orc:2    | Killed an orc high priest
 15574 | Orc:2    | Found Viruosku's Antique Weapon Shoppe.
 15575 | Orc:2    | Found a roughly hewn altar of Beogh.
 15576 | Orc:2    | Found Quafef's Antique Armour Emporium.
 15589 | Orc:2    | Bought a runed broad axe for 252 gold pieces
 15737 | Orc:2    | Noticed Urug
 15770 | Orc:2    | Killed Urug
 16032 | Lair:2   | Found a staircase to the Shoals.
 16079 | Lair:2   | Found a hole to the Spider Nest.
 16175 | Lair:2   | Noticed Erica
 16180 | Lair:2   | Killed Erica
 16180 | Lair:2   | Reached skill level 8 in Armour
 16567 | Lair:2   | Found the +8 whip "Snakebite" {curare, rPois}
 17283 | Lair:3   | Reached skill level 9 in Fighting
 17307 | Lair:3   | Reached XP level 13. HP: 85/101 MP: 14/21
 17337 | Lair:3   | Reached skill level 4 in Throwing
 17527 | Lair:3   | Reached skill level 11 in Invocations
 17650 | Lair:3   | Reached ****** piety under Makhleb
 18505 | Lair:4   | Reached skill level 15 in Axes
 18505 | Lair:4   | Reached skill level 5 in Throwing
 19280 | Lair:5   | Reached skill level 9 in Armour
 19441 | Lair:5   | Reached skill level 12 in Invocations
 19520 | Lair:5   | Reached skill level 10 in Fighting
 19526 | Lair:5   | Found a shadowy altar of Dithmenos.
 19546 | Lair:5   | Gained mutation: You are mostly covered in large bone
                  | plates. (SH +6) [demonic ancestry]
 19546 | Lair:5   | Reached XP level 14. HP: 90/110 MP: 16/23
 19726 | Lair:5   | Reached skill level 6 in Throwing
 20284 | Lair:6   | Entered Level 6 of the Lair of Beasts
 20286 | Lair:6   | Found a staircase to the Slime Pits.
 21801 | Lair:6   | Reached skill level 16 in Axes
 21976 | Lair:6   | Reached skill level 13 in Invocations
 22093 | Lair:6   | Reached skill level 10 in Armour
 22104 | Lair:6   | Reached skill level 7 in Throwing
 22271 | Lair:6   | Got a fine graven amulet
 22682 | D:8      | Killed Gastronok
 22781 | D:13     | Found an opulent altar of Gozag.
 22908 | D:13     | Gained mutation: You have a pair of large horns on your
                  | head. [demonic ancestry]
 22908 | D:13     | Reached XP level 15. HP: 101/117 MP: 12/24
 23004 | D:13     | Reached skill level 11 in Fighting
 23142 | D:13     | Identified the amulet "Qeaq" {Harm *Drain *Slow rF+ rN++
                  | MR+} (You found it on level 6 of the Lair of Beasts)
 23581 | D:14     | Found a gate to the Vaults.
 23983 | D:15     | Entered Level 15 of the Dungeon
 24093 | D:15     | Identified Ziejus's Grimoire of Harmful Heat
 24338 | D:15     | Reached skill level 14 in Invocations
 24480 | D:15     | Reached skill level 8 in Throwing
 24482 | D:15     | Found a staircase to the Depths.
 24634 | D:15     | Noticed Azrael
 24649 | D:15     | Killed Azrael
 24989 | D:15     | Got a shimmering plate armour
 25000 | D:15     | Identified the +1 plate armour of the Crypt {*Drain +Fly
                  | rF+ Str+3} (You found it on level 15 of the Dungeon)
 25085 | D:15     | Noticed a caustic shrike
 25207 | Shoals:1 | Entered Level 1 of the Shoals
 25497 | Shoals:1 | Reached skill level 17 in Axes
 26104 | Shoals:1 | Noticed Kirke
 26115 | Shoals:1 | Killed Kirke
 26529 | Shoals:1 | Gained mutation: Your magical and physical power is
                  | enhanced at high health. [demonic ancestry]
 26529 | Shoals:1 | Reached XP level 16. HP: 127/127 MP: 24/26
 26805 | Shoals:2 | Reached skill level 11 in Armour
 26856 | Shoals:2 | Found a frozen archway.
 26909 | IceCv    | Entered an ice cave
 27266 | IceCv    | Reached skill level 1 in Evocations
 27342 | IceCv    | Noticed an Ice Fiend
 27380 | IceCv    | Killed an Ice Fiend
 27380 | IceCv    | Reached skill level 12 in Fighting
 27921 | Shoals:1 | Cast into level 2 of the Abyss (merfolk aquamancer)
 27986 | Abyss:2  | Reached skill level 2 in Evocations
 28351 | Abyss:2  | Noticed a tentacled starspawn
 28382 | Abyss:2  | Noticed a hellephant
 28386 | Abyss:2  | Upgraded the game from 0.23-a0-480-g1869896 to
                  | 0.23-a0-481-g60b89c1
 28402 | Abyss:2  | Killed a tentacled starspawn
 28402 | Abyss:2  | Reached skill level 9 in Throwing
 28404 | Abyss:2  | Killed a hellephant
 28404 | Abyss:2  | Reached skill level 15 in Invocations
 28411 | Shoals:1 | Escaped the Abyss
 28665 | Shoals:2 | Reached skill level 3 in Evocations
 28690 | Shoals:2 | Found a runed gate.
 28690 | Shoals:2 | Found a runed gate.
 28690 | Shoals:2 | Found a runed gate.
 29153 | Shoals:2 | Noticed SaintRoka's ghost (adept OgHu)
 29232 | Shoals:3 | Noticed Nikola
 29439 | Shoals:3 | Killed Nikola
 29820 | Shoals:3 | Found the +0 Maxwell's etheric cage {RegenMP+ *Contam rElec
                  | MP+4}
 30294 | Shoals:3 | Reached skill level 4 in Evocations
 30394 | Shoals:3 | Reached XP level 17. HP: 135/135 MP: 26/28
 30653 | Shoals:4 | Entered Level 4 of the Shoals
 30734 | Shoals:4 | Reached skill level 18 in Axes
 30942 | Shoals:4 | Found the +1 cloak of Starlight {rElec rC+ EV+4 Stlth--}
 31363 | Shoals:4 | Reached skill level 5 in Evocations
 31511 | Shoals:4 | Got a barnacled rune of Zot
 31815 | Shoals:4 | Reached skill level 10 in Throwing
 32024 | Shoals:4 | Identified the +7 trident of Qomusal {flame, rPois rF++}
 32036 | Shoals:4 | Reached skill level 12 in Armour
 32318 | Shoals:4 | Reached skill level 13 in Fighting
 32581 | Vaults:1 | Entered Level 1 of the Vaults
 32608 | Vaults:1 | Reached skill level 16 in Invocations
 33171 | Vaults:1 | Reached XP level 18. HP: 140/143 MP: 25/30
 33379 | Vaults:1 | HP: 7/143 [two-headed ogre/+0 giant spiked club (13)]
 33386 | Vaults:1 | HP: 5/143 [two-headed ogre/+0 giant club (23)]
 33402 | Vaults:1 | Reached skill level 1 in Dodging
 33528 | Vaults:1 | Reached skill level 2 in Dodging
 34032 | Vaults:2 | Reached skill level 19 in Axes
 34179 | Vaults:1 | HP: 3/144 [something/vampiric draining (9)]
 34181 | Vaults:1 | HP: 1/144 [something/vampiric draining (3)]
 34987 | Vaults:2 | Paralysed by a vampire knight for 4 turns
 35332 | Vaults:2 | Found a staircase to the Crypt.
 35370 | Vaults:2 | Reached skill level 3 in Dodging
 35623 | Vaults:2 | Reached skill level 11 in Throwing
 35643 | Vaults:2 | Reached skill level 17 in Invocations
 35705 | Vaults:2 | Found a runed gate.
 35705 | Vaults:2 | Found a runed gate.
 35705 | Vaults:2 | Found a runed gate.
 35706 | Vaults:2 | Noticed Xoff's ghost (adept MiFi)
 35707 | Vaults:2 | Found a roughly hewn altar of Beogh.
 35707 | Vaults:2 | Identified the +10 battleaxe of the Hawk {chop, rPois
                  | Int+2}
 35707 | Vaults:2 | Identified the +8 plate armour of Deyklyihi {*Slow rC++
                  | Str+3}
 35782 | Vaults:1 | Killed Xoff's ghost
 37266 | Spider:1 | Entered Level 1 of the Spider Nest
 37460 | Spider:1 | Reached skill level 14 in Fighting
 37568 | Spider:1 | Reached XP level 19. HP: 152/152 MP: 22/31
 37611 | Spider:1 | Reached skill level 4 in Dodging
 38682 | Spider:2 | Noticed Agnes
 38689 | Spider:2 | Killed Agnes
 38689 | Spider:2 | Reached skill level 13 in Armour
 38897 | Spider:2 | Noticed Arachne
 38912 | Spider:2 | Killed Arachne
 40595 | Spider:4 | Entered Level 4 of the Spider Nest
 40807 | Spider:4 | Reached skill level 5 in Dodging
 41253 | Spider:4 | Got a gossamer rune of Zot
 41790 | Vaults:3 | Reached skill level 15 in Fighting
 41968 | Vaults:3 | Reached skill level 18 in Invocations
 41979 | Vaults:3 | Reached skill level 20 in Axes
 41985 | Vaults:3 | Reached skill level 6 in Dodging
 42278 | Vaults:3 | Gained mutation: Your magical and physical power is greatly
                  | enhanced at high health. [demonic ancestry]
 42278 | Vaults:3 | Reached XP level 20. HP: 162/162 MP: 33/33
 42377 | Vaults:3 | Found Tyzydd's Food Shop.
 42377 | Vaults:3 | Found Fikhluqa's Food Shop.
 42411 | Vaults:3 | Reached skill level 12 in Throwing
 42418 | Vaults:3 | Found Utal's Food Shop.
 42518 | Vaults:3 | Got a brightly glowing chain mail
 42529 | Vaults:3 | Identified the +8 chain mail of Coronation {Regen+} (You
                  | found it on level 3 of the Vaults)
 43082 | Vaults:4 | Noticed an ancient lich
 43084 | Vaults:4 | Reached skill level 7 in Dodging
 43092 | Vaults:4 | Killed an ancient lich
 43092 | Vaults:4 | Reached skill level 16 in Fighting
 43115 | Vaults:4 | Reached skill level 14 in Armour
 44149 | Vaults:5 | Entered Level 5 of the Vaults
 44161 | Vaults:4 | Reached skill level 19 in Invocations
 44186 | Vaults:4 | Reached skill level 8 in Dodging
 44222 | Vaults:4 | Reached XP level 21. HP: 173/173 MP: 19/34
 44248 | Vaults:5 | Reached skill level 17 in Fighting
 44257 | Vaults:5 | Reached skill level 13 in Throwing
 44329 | Vaults:5 | Noticed a golden dragon
 44394 | Vaults:5 | Killed a golden dragon
 44397 | Vaults:5 | Cast into level 2 of the Abyss (a deep elf demonologist)
 44468 | Abyss:2  | Gained mutation: You are occasionally teleported next to
                  | monsters. [a neqoxec]
 44469 | Abyss:2  | Gained mutation: You are clumsy. (Dex -2) [a neqoxec]
 44470 | Abyss:2  | Gained mutation: You are frail. (-10% HP) [a neqoxec]
 44471 | Abyss:2  | Gained mutation: You are very frail. (-20% HP) [a neqoxec]
 44698 | Abyss:3  | Gained mutation: You are extremely frail. (-30% HP) [a
                  | neqoxec]
 44812 | Abyss:4  | Found a corrupted altar of Lugonu.
 44850 | Abyss:4  | Paralysed by accursed screaming for 1 turns
 44874 | Vaults:5 | Escaped the Abyss
 45223 | Slime:1  | Entered Level 1 of the Pits of Slime
 45227 | Slime:1  | Gained mutation: Potions are less effective at restoring
                  | your health. [a shining eye]
 45239 | Slime:1  | Reached skill level 9 in Dodging
 45315 | Slime:2  | Gained mutation: Your body sometimes deteriorates upon
                  | taking damage. [a shining eye]
 45317 | Slime:2  | Gained mutation: You are weak. (Str -2) [a shining eye]
 45318 | Slime:2  | Gained mutation: Your body often deteriorates upon taking
                  | damage. [a shining eye]
 45538 | Slime:5  | Entered Level 5 of the Pits of Slime
 45572 | Slime:4  | Gained mutation: You tend to lose your temper in combat. [a
                  | shining eye]
 45582 | Slime:5  | Gained mutation: You are completely covered in large bone
                  | plates. (SH +8) [a shining eye]
 45617 | Slime:5  | Found a viscous altar of Jiyva.
 45617 | Slime:5  | Noticed the Royal Jelly
 45654 | Slime:5  | Killed the Royal Jelly
 45682 | Slime:5  | Gained mutation: You are dopey. (Int -2) [a shining eye]
 45743 | Slime:4  | HP: 6/123 [azure jelly (12)]
 45744 | Slime:4  | Mangled by an azure jelly

Vault maps used:
D:1:      dpeg_arrival_round_c, minmay_hedge_maze, kennysheep_crisscross,
          lemuel_old_faithful
D:2:      minmay_general_purpose_star, bloody_makhleb, first_ration,
          uniq_natasha
D:3:      chequers_temple_overflow_statue_of_worship
D:4:      overflow_temple_1_default, chequers_mini_garden
D:5:      old_standard_altar, marbit_many_paths, serial_shops,
          nicolae_shop_behind_doors
D:6:      temple_hall
D:7:      enter_bailey_3
D:8:      uniq_gastronok
D:9:      orc_0_dummy, serial_shops, shop
D:10:     dpeg_oklobed_lair, uniq_fannar
D:11:     serial_rivers, chequers_serial_rivers_micro_b,
          chequers_serial_rivers_room_b, chequers_serial_rivers_small_3,
          chequers_serial_rivers_small_a
D:13:     basic_altar
D:14:     david_vaults_2, grunt_decor_one_mirror
D:15:     gammafunk_enter_depths_forms, grunt_ministairs_7,
          minmay_lindwurm_lava, uniq_azrael
Lair:1:   uniq_sonja
Lair:2:   minmay_guarded_unrand_snakebite, minmay_shoals_entry_beasts,
          spider_nest_entry_web_field, st_stairs_12, serial_bayou_shore_b,
          serial_bayou_shore_a, uniq_erica
Lair:3:   zaba_antful_of_joy, serial_bayou_shore_b
Lair:4:   serial_bayou_lagoon_b, serial_bayou_shore_b
Lair:5:   pond_and_an_island_with_a_cottage, basic_altar, beast_lair_carwin_7
Lair:6:   minmay_lair_end_frog_pond, nicolae_slime_entry_slimehenge
Shoals:1: nicolae_shoals_aquamancer_cove, uniq_kirke
Shoals:2: gammafunk_ghost_necromancy, portal_ice_cave_entry_pillars_four
Shoals:3: uniq_nikola
Shoals:4: shoals_end_grunt_ice, nicolae_shoals_square_sea_wall
Spider:2: uniq_arachne, uniq_agnes
Spider:4: grunt_spider_rune_parallel, spider_trap
Slime:3:  cheibrodos_slime_lost_civilization_6
Orc:1:    serial_shops, nicolae_shop_competitors_out_of_business, basic_altar,
          mines3_lemuel
Orc:2:    grunt_orc_community_town_hall, grunt_orc_community_big_house_1,
          grunt_orc_community_big_house_2, grunt_orc_community_house_3,
          grunt_orc_community_house_1, grunt_orc_community_house_2,
          grunt_orc_community_house_1, grunt_orc_community_house_3,
          lab_entry_generic, serial_shops, shop_statue, shop_fountains, shop,
          shop, uniq_urug
Vaults:1: nicolae_vaults_ninety_degrees, ontoclasm_vaults_tryst,
          nicolae_vaults_quartermaster, nicolae_vaults_theta,
          vaults_mumra_minichess, vaults_room_grunt_arrival_checkpoint,
          vaults_dpeg_spiral, v_pattern_1, vaults_standard_mumra_x, v_misc_10,
          v_misc_13
Vaults:2: biasface_vaults_ghost_orc_armoury, minmay_crypt_entry_simple_plaza,
          v_misc_22, vaults_dpeg_cross, v_misc_25,
          nicolae_vaults_stairing_the_circle, nicolae_vaults_back_hallway,
          ontoclasm_vaults_ring_small, nicolae_vaults_little_squares_1
Vaults:3: v_alt_pattern_6, hangedman_vaults_restitches,
          hangedman_vaults_hard_town_square, ontoclasm_vaults_bender, v_rooms_2,
          vaults_room_hallway, nicolae_vaults_asterisk
Vaults:4: nicolae_vaults_what_the_h, v_misc_26, hangedman_vaults_river_flow,
          vaults_room_boxed, vaults_room_corners, nicolae_vaults_big_ls,
          nicolae_vaults_specimen_jars, hangedman_vaults_impose,
          hangedman_vaults_impose, ontoclasm_vaults_fault,
          ontoclasm_vaults_twist
Abyss:2:  minivault_11
Abyss:3:  abyss_furniture_001
Abyss:4:  abyss_greek_temple, dshaligram_kb_abyss_rune_zappy_water_cross,
          bh_abyss_exit_spiral
Lab:      labyrinth_spiral
Bailey:   bailey_polearm_5, bailey
IceCv:    ice_cave_caverns_02

Skill      XL: |  1  2  3  4  5  6  7  8  9 10 11 12 13 14 15 16 17 18 19 20 21 |
---------------+----------------------------------------------------------------+-----
Axes           | 2 3 4 5 7 8 10 11 12 13 14 15 16 17 18 19 20 | 20.0
Invocations    | 1 4 7 9 10 12 13 14 15 16 17 18 19 | 19.9
Armour         | 4 5 7 8 9 10 11 12 13 14 | 14.9
Fighting       | 4 6 7 9 10 11 12 13 14 15 16 17 | 17.8
Throwing       | 3 5 7 8 9 10 11 12 13 | 13.6
Evocations     | 4 5 |  5.0
Dodging        | 3 6 8 9 |  9.5
Shields        | |  2.6

Action                   |  1- 3 |  4- 6 |  7- 9 | 10-12 | 13-15 | 16-18 | 19-21 || total
-------------------------+-------+-------+-------+-------+-------+-------+-------++-------
Melee: War axe           |   120 |   212 |   359 |    80 |       |       |       ||   771
       Headbutt          |    11 |    26 |    63 |   169 |   312 |   312 |   231 ||  1124
       Battleaxe         |       |       |       |   797 |  1202 |  1366 |   990 ||  4355
       Scimitar          |       |       |       |       |    33 |       |       ||    33
 Fire: Blowgun           |       |    15 |    29 |       |     8 |     1 |       ||    53
Throw: Throwing net      |       |       |     1 |       |       |     2 |       ||     3
       Tomahawk          |       |       |       |     3 |    16 |   109 |    99 ||   227
       Javelin           |       |       |       |       |       |     1 |       ||     1
Invok: Lesser Servant of |       |       |     9 |     8 |     2 |     3 |       ||    22
       Major Destruction |       |       |       |       |       |     1 |       ||     1
 Abil: Evoke Flight      |       |       |       |       |     1 |    12 |       ||    13
Evoke: Wand              |       |       |    19 |    27 |       |     5 |     8 ||    59
  Use: Scroll            |       |     4 |     2 |    15 |     7 |     7 |     5 ||    40
       Potion            |       |     1 |     4 |     3 |     3 |     5 |     2 ||    18
 Stab: Held in net/web   |       |       |     1 |       |       |     1 |       ||     2
       Paralysed         |       |       |       |     3 |       |       |       ||     3
       Confused          |       |       |       |     4 |       |       |       ||     4
       Invisible         |       |       |       |       |       |     2 |       ||     2
  Eat: Chunk             |     1 |     8 |    13 |    29 |    34 |    36 |    23 ||   144
       Ration            |       |       |       |     3 |       |     1 |     1 ||     5
Armor: Scale mail        |    11 |       |       |       |       |       |       ||    11
       Chain mail        |    44 |    89 |   113 |       |       |       |       ||   246
       Plate armour      |       |       |    32 |       |       |    66 |       ||    98
       Crystal plate arm |       |       |    32 |   727 |   924 |   689 |   593 ||  2965
       Skin              |       |       |       |       |       |     4 |       ||     4
Dodge: Dodged            |    21 |    29 |    34 |    93 |   234 |   449 |   413 ||  1273
Block: Shield            |    56 |   153 |   275 |    43 |       |       |       ||   527
       Other             |       |       |       |   132 |   306 |   306 |   247 ||   991
       Rpst.: Scimitar   |       |       |       |       |     4 |       |       ||     4

Table legend:
 A = Non-vault XP
 B = Vault XP
 C = Vault XP percentage of total XP
 D = Non-vault monster count
 E = Vault monster count
 F = Vault count percentage of total count
                 A         B        C        D         E       F
            +---------+---------+-------+---------+---------+-------
      Total |  381711 |  305922 |  44.5 |    1188 |     596 |  33.4
            +---------+---------+-------+---------+---------+-------
        D:1 |      53 |       0 |   0.0 |      27 |       0 |   0.0
        D:2 |     171 |      43 |  20.1 |      32 |       4 |  11.1
        D:3 |     256 |       0 |   0.0 |      32 |       0 |   0.0
        D:4 |     228 |       0 |   0.0 |      16 |       0 |   0.0
        D:5 |     505 |       6 |   1.2 |      18 |       1 |   5.3
        D:6 |     500 |       0 |   0.0 |      15 |       0 |   0.0
        D:7 |     518 |       8 |   1.5 |      11 |       4 |  26.7
        D:8 |    1186 |    2255 |  65.5 |      23 |       1 |   4.2
        D:9 |    1764 |       0 |   0.0 |      32 |       0 |   0.0
       D:10 |    1642 |    1517 |  48.0 |      13 |       2 |  13.3
       D:11 |    3297 |       0 |   0.0 |      47 |       0 |   0.0
       D:12 |    3211 |       0 |   0.0 |      23 |       0 |   0.0
       D:13 |    6195 |       0 |   0.0 |      43 |       0 |   0.0
       D:14 |   11246 |    2642 |  19.0 |      30 |       3 |   9.1
       D:15 |   10762 |    8670 |  44.6 |      26 |      25 |  49.0
     Lair:1 |     979 |     807 |  45.2 |       4 |       1 |  20.0
     Lair:2 |    2166 |    3143 |  59.2 |       9 |      13 |  59.1
     Lair:3 |    6795 |    2534 |  27.2 |      24 |      28 |  53.8
     Lair:4 |    8298 |     924 |  10.0 |      33 |       1 |   2.9
     Lair:5 |   14808 |    7078 |  32.3 |      36 |      25 |  41.0
     Lair:6 |   10046 |   11131 |  52.6 |      35 |      40 |  53.3
   Shoals:1 |    9369 |    6220 |  39.9 |      19 |      10 |  34.5
   Shoals:2 |   14287 |       0 |   0.0 |      25 |       0 |   0.0
   Shoals:3 |   21485 |    3661 |  14.6 |      48 |       1 |   2.0
   Shoals:4 |   16818 |   20950 |  55.5 |      37 |      32 |  46.4
   Spider:1 |   18146 |       0 |   0.0 |      43 |       0 |   0.0
   Spider:2 |   14316 |    5586 |  28.1 |      39 |       2 |   4.9
   Spider:3 |   12651 |       0 |   0.0 |      39 |       0 |   0.0
   Spider:4 |    7794 |   25252 |  76.4 |      26 |      50 |  65.8
    Slime:1 |    6962 |       0 |   0.0 |      17 |       0 |   0.0
    Slime:2 |    3855 |       0 |   0.0 |      12 |       0 |   0.0
    Slime:3 |    4566 |       0 |   0.0 |       8 |       0 |   0.0
    Slime:4 |    5197 |    2478 |  32.3 |      14 |       1 |   6.7
    Slime:5 |    8831 |   18523 |  67.7 |      14 |       8 |  36.4
      Orc:1 |    2574 |     550 |  17.6 |      29 |       1 |   3.3
      Orc:2 |    2353 |    6505 |  73.4 |      16 |      68 |  81.0
   Vaults:1 |   33157 |   42514 |  56.2 |      63 |      45 |  41.7
   Vaults:2 |   17735 |   12561 |  41.5 |      39 |      21 |  35.0
   Vaults:3 |   21617 |   15703 |  42.1 |      35 |      26 |  42.6
   Vaults:4 |   40464 |   66040 |  62.0 |      61 |      67 |  52.3
   Vaults:5 |    8687 |   22013 |  71.7 |      18 |      20 |  52.6
    Abyss:2 |   16406 |       0 |   0.0 |      27 |       0 |   0.0
    Abyss:3 |    8121 |    2897 |  26.3 |      20 |       1 |   4.8
    Abyss:4 |    1694 |       0 |   0.0 |      10 |       0 |   0.0
        Lab |       0 |     959 | 100.0 |       0 |       1 | 100.0
     Bailey |       0 |    2643 | 100.0 |       0 |      40 | 100.0
      IceCv |       0 |   10109 | 100.0 |       0 |      54 | 100.0
            +---------+---------+-------+---------+---------+-------
